 Dungeon Crawl Stone Soup version 0.20-a0-940-g1ecfa5a (webtiles) character file.

1692 Rrauwl the Fighter (level 9, 0/97 HPs)
             Began as an Ogre Arcane Marksman on Mar 31, 2017.
             Was an Initiate of Okawaru.
             Slain by a river rat (4 damage)
             ... summoned by Eustachio
             ... on level 6 of the Dungeon.
             The game lasted 00:34:06 (7428 turns).

Rrauwl the Fighter (Ogre Arcane Marksman)           Turns: 7428, Time: 00:34:07

Health: 0/97       AC:  8    Str: 18    XL:     9   Next: 2%
Magic:  0/13       EV:  8    Int: 14    God:    Okawaru [......]
Gold:   183        SH:  0    Dex: 13    Spells: 11/14 levels left

rFire    . . .     SeeInvis .   q - +2 scythe (pain)
rCold    . . .     Gourm    .   (shield currently unavailable)
rNeg     . . .     Faith    .   c - +1 animal skin
rPois    .         Spirit   +   (helmet restricted)
rElec    .         Reflect  .   w - +0 cloak
rCorr    .         Harm     .   (gloves unavailable)
MR       .....                  (boots unavailable)
Stlth    +.........             h - amulet of guardian spirit
Regen    0.3/turn               a - +3 ring of dexterity
MPRegen  0.2/turn               l - -3 ring of evasion (curse)

@: no status effects
A: unfitting armour, antennae 1, icy blue scales 1, blurry vision 1, shaggy fur
1, tough skin 1
a: Renounce Religion


You were on level 6 of the Dungeon.
You worshipped Okawaru.
Okawaru was noncommittal.
You were not hungry.

You visited 2 branches of the dungeon, and saw 7 of its levels.

You collected 183 gold pieces.

Inventory:

Hand Weapons
 i - a +0 giant club
 o - a +0 hunting sling
 q - a +2 scythe of pain (weapon)
Missiles
 e - 35 sling bullets
 p - 137 stones (quivered)
 t - 3 poisoned tomahawks
Armour
 c - a +1 animal skin (worn)
 w - a +0 cloak (worn)
Jewellery
 a - a +3 ring of dexterity (left hand)
 h - an amulet of guardian spirit (around neck)
 l - a cursed -3 ring of evasion (right hand)
Wands
 v - a wand of paralysis (7/24)
Scrolls
 d - a scroll of recharging
 m - a scroll of identify
 n - a scroll of amnesia
 r - 5 scrolls of blinking
 s - a scroll of fear
 x - a scroll of enchant armour
Potions
 g - a potion of resistance
 u - a potion of lignification {unknown}
Books
 b - a book of Debilitation

   Spells                             Type                      Level
   a - Corona                         Hexes                        1
   b - Slow                           Hexes                        2
   c - Inner Flame                    Hexes/Fire                   3
   d - Portal Projectile              Hexes/Translocation          3
   e - Cause Fear                     Hexes                        4
   f - Leda's Liquefaction            Hexes/Earth                  4
Comestibles
 f - 3 bread rations
 j - 10 fruits
 k - 5 meat rations


   Skills:
 + Level 8.7 Fighting
 + Level 3.2 Polearms
 + Level 7.0 Throwing
 + Level 2.9 Dodging
 - Level 3.2 Spellcasting
 - Level 3.0 Hexes
 - Level 1.0 Translocations
 + Level 0.2 Invocations
 - Level 1.0 Evocations


You had 11 spell levels left.
You knew the following spells:

 Your Spells              Type           Power        Failure   Level  Hunger
a - Portal Projectile     Hex/Tloc       #.....       30%         3    ###....


Dungeon Overview and Level Annotations

Branches:
Dungeon (6/15)             Temple (1/1) D:6

Altars:
Ashenzari
Cheibriados
Elyvilon
Fedhas
Gozag
Hepliaklqana
Kikubaaqudgha
Nemelex Xobeh
Okawaru
Qazlal
Ru
Sif Muna
Trog
Uskayaw
Vehumet
Wu Jian
Xom
Yredelemnul
Zin
The Shining One

Shops:
D:5 =

Annotations:
D:6 Eustachio


Innate Abilities, Weirdness & Mutations

You are too large for most types of armour.
You have tough skin. (AC +1)
You have a pair of small antennae on your head.
You are partially covered in icy blue scales. (AC +2)
Scrolls take you a little longer to read.
You are covered in fur. (AC +1)


Message History

The shadow imp hits you but does no damage.
You hit Eustachio but do no damage.
Eustachio is heavily wounded.
The ufetubus hits you but does no damage.
The ufetubus hits you.
* * * LOW HITPOINT WARNING * * *
The river rat bites you!
* * * LOW HITPOINT WARNING * * *
The river rat bites you but does no damage.
The ufetubus barely misses you.
The ufetubus hits you but does no damage.
The quokka bites you.
* * * LOW HITPOINT WARNING * * *
Eustachio mumbles some strange words.
Eustachio blinks!
The shadow imp hits you but does no damage.
The iron imp completely misses you. The river rat bites you.
* * * LOW HITPOINT WARNING * * *
The river rat bites you.
You die...

r# #.# ##@##
##...## #####
.....# ..... ...#
.....##.########
#..#r5r..(....
#...5@ยง.#.##
##.#r5### #
#.#..# .# .
#..###.#
#####......#
#........###
#..###.#.# #..#
#.#.#
#...##.#.########


You could see Eustachio, an iron imp, 2 river rats, a shadow imp, an ufetubus
and a quokka.

Vanquished Creatures
  Sigmund (D:3)
  Menkaure (D:5)
  Edmund (D:5)
  An ogre (D:5)
  A centaur (D:5)
  Blork the orc (D:5)
  A bullfrog (D:6)
  A scorpion (D:5)
  2 crimson imps
  A centaur zombie (D:5)
  A quasit (D:5)
  4 orc priests
  3 hounds
  6 orc wizards (D:4)
  Crazy Yiuf (D:5)
  Terence (D:3)
  Natasha (thrice) (D:2)
  4 worker ants
  Robin (D:2)
  4 gnolls (D:3)
  5 adders
  An ooze (D:3)
  2 worms
  2 dart slugs (D:1)
  2 leopard geckos
  18 orcs
  5 giant cockroaches
  12 hobgoblins
  3 jackals (D:2)
  5 quokkas
  2 ball pythons (D:2)
  7 bats
  4 frilled lizards
  23 goblins
  15 kobolds
  3 rats
148 creatures vanquished.

Notes
Turn   | Place    | Note
-------+----------+-------------------------------------------
     0 | D:1      | Rrauwl the Ogre Arcane Marksman began the quest for the Orb.
     0 | D:1      | Reached XP level 1. HP: 19/19 MP: 2/2
   482 | D:1      | Reached XP level 2. HP: 24/27 MP: 2/4
   932 | D:1      | Reached skill level 2 in Fighting
  1167 | D:2      | Reached XP level 3. HP: 35/35 MP: 6/6
  1489 | D:2      | Noticed Robin
  1516 | D:2      | Reached skill level 3 in Fighting
  1537 | D:2      | Killed Robin
  1537 | D:2      | Reached XP level 4. HP: 34/45 MP: 3/7
  1636 | D:2      | Noticed Natasha
  1645 | D:2      | Killed Natasha
  2112 | D:2      | Noticed Natasha
  2120 | D:2      | Killed Natasha
  2120 | D:2      | Reached skill level 4 in Fighting
  2120 | D:2      | Reached XP level 5. HP: 49/54 MP: 8/8
  2152 | D:2      | Noticed Natasha
  2174 | D:2      | Killed Natasha
  2477 | D:3      | Noticed Terence
  2515 | D:3      | Killed Terence
  2586 | D:3      | Gained mutation: Scrolls take you a little longer to read. [potion of mutation]
  2586 | D:3      | Gained mutation: You are covered in fur. (AC +1) [potion of mutation]
  2586 | D:3      | Gained mutation: You have a pair of small antennae on your head. [potion of mutation]
  2586 | D:3      | Gained mutation: You are partially covered in icy blue scales. (AC +2) [potion of mutation]
  2625 | D:3      | Noticed Sigmund
  2678 | D:4      | Reached skill level 5 in Fighting
  2678 | D:4      | Reached XP level 6. HP: 37/66 MP: 5/9
  3030 | D:3      | Killed Sigmund
  3030 | D:3      | Reached skill level 6 in Fighting
  3030 | D:3      | Reached skill level 5 in Throwing
  3030 | D:3      | Reached XP level 7. HP: 63/75 MP: 8/10
  3102 | D:3      | Learned a level 3 spell: Portal Projectile
  3928 | D:4      | Reached skill level 1 in Translocations
  4570 | D:4      | Reached skill level 7 in Fighting
  5161 | D:4      | Reached XP level 8. HP: 77/87 MP: 10/12
  5193 | D:5      | Entered Level 5 of the Dungeon
  5855 | D:5      | Found Byxomyrph's Jewellery Emporium.
  5863 | D:5      | Noticed Edmund
  5879 | D:5      | Killed Edmund
  5879 | D:5      | Reached skill level 1 in Polearms
  6100 | D:5      | Noticed Menkaure
  6115 | D:5      | Killed Menkaure
  6115 | D:5      | Reached skill level 8 in Fighting
  6144 | D:5      | Found a stormy altar of Qazlal.
  6144 | D:5      | Found an ancient bone altar of Kikubaaqudgha.
  6255 | D:5      | Noticed Blork the orc
  6271 | D:5      | Killed Blork the orc
  6548 | D:5      | Found a runed door.
  6696 | D:5      | Noticed Crazy Yiuf
  6703 | D:5      | Killed Crazy Yiuf
  7082 | D:6      | Found a staircase to the Ecumenical Temple.
  7092 | Temple   | Entered the Ecumenical Temple
  7100 | Temple   | Became a worshipper of Warmaster Okawaru
  7321 | D:6      | Reached skill level 1 in Evocations
  7321 | D:6      | Reached XP level 9. HP: 93/97 MP: 11/13
  7407 | D:6      | Noticed Eustachio
  7428 | D:6      | HP: 4/97 [river rat[Eustachio] (1)]
  7428 | D:6      | Slain by a river rat

Vault maps used:
D:1:      dpeg_arrival_lava_temple_mockup, minmay_misc_feat_chi,
          minmay_misc_feat_nine_boxes, interstate_on_off
D:2:      first_bread, uniq_robin, uniq_natasha
D:3:      uniq_terence, uniq_sigmund
D:5:      gammafunk_temple_overflow_statue, serial_shops, shop,
          guppyfry_early_lair_pool, uniq_crazy_yiuf_cottage, uniq_edmund,
          uniq_blork_the_orc, uniq_menkaure
D:6:      minmay_temple_entry_purple_smoke, serial_shops, shop,
          minmay_misc_feat_encased, nicolae_dithmenos_through_a_glass_darkly,
          uniq_eustachio
Temple:   eino_narrow_crystal_temple

Skill      XL: |  1  2  3  4  5  6  7  8 |
---------------+-------------------------+-----
Dodging        | 2 |  2.9
Spellcasting   | 2 3 |  3.2
Fighting       | 2 3 4 5 6 7 8 |  8.7
Throwing       | 3 4 5 7 |  7.0
Hexes          | 3 |  3.0
Translocations | 1 |  1.0
Polearms       | 3 |  3.2
Evocations     | 1 |  1.0
Invocations    | |  0.2

Action                   |  1- 3 |  4- 6 |  7- 9 || total
-------------------------+-------+-------+-------++-------
Melee: Unarmed           |    89 |       |       ||    89
       Dagger            |   112 |    11 |       ||   123
       Whip              |       |    16 |       ||    16
       Scythe            |       |       |   158 ||   158
 Fire: Hunting sling     |       |   189 |   161 ||   350
Throw: Large rock        |    20 |     8 |     3 ||    31
       Throwing net      |     3 |       |       ||     3
 Cast: Portal Projectile |       |       |     2 ||     2
  Use: Scroll            |     4 |     3 |     5 ||    12
       Potion            |     2 |     4 |     5 ||    11
 Stab: Held in net/web   |     2 |       |       ||     2
       Sleeping          |       |       |     1 ||     1
  Eat: Chunk             |     2 |     5 |     8 ||    15
       Bread ration      |       |       |     1 ||     1
       Fruit             |       |       |     2 ||     2
Armor: Robe              |    80 |       |       ||    80
       Animal skin       |       |    30 |   141 ||   171
Dodge: Dodged            |   133 |    53 |   147 ||   333
